 Dungeon Crawl Stone Soup version 0.29.1-12-g30fa7ad0bf (webtiles) character file.

Game seed: 10152890768756715269

10891 wormed the Fighter (level 12, -13/96 HPs)
             Began as a Djinni Fire Elementalist on Dec 22, 2022.
             Was a Believer of Ashenzari.
             Shot with an arrow by a centaur warrior (24 damage)
             ... on level 10 of the Dungeon.
             The game lasted 00:42:47 (12473 turns).

wormed the Fighter (Djinni Fire Elementalist)      Turns: 12473, Time: 00:42:47

Health: -13/96     AC:  9    Str:  7    XL:     12   Next: 0%
Gold:   405        EV: 15    Int: 22    God:    Ashenzari [**....] SH:  0 Dex: 14

rFire   + + .      SeeInvis +   M - staff of conjuration (curse) {Self, Fort}
rCold   x . .      Faith    .   (no shield)
rNeg    + . .      Spirit   .   a - +0 robe
rPois   ∞          Reflect  .   x - +2 helmet of the Lashed Sky {Cun, Fort} (curse)
rElec   .          Harm     .   t - +1 cloak {Will+}
rCorr   .          Rampage  .   y - +0 pair of gloves "Ensconced Together" {Self, Cun} (curse)
Will    ++...                   (boots unavailable)
Stlth   +++.......              (no amulet)
HPRegen 0.26/turn               v - ring of positive energy
MPRegen 0.00/turn               (no ring)

@: flying
A: sickness immunity, fire resistance 2, cold vulnerability 1, float, innate
caster, HP casting, extra vitality 1
a: Renounce Religion, Shatter the Chains


You were on level 10 of the Dungeon.
You worshipped Ashenzari.
Ashenzari was pleased with you.
You visited 2 branches of the dungeon, and saw 11 of its levels.

You collected 605 gold pieces.
You spent 200 gold pieces at shops.

Inventory:

Hand Weapons
 k - a +0 short sword of speed
Armour
 a - a +0 robe (worn)
 t - a +1 cloak of willpower (worn)
 x - the cursed +2 helmet of the Lashed Sky (worn) {Cun, Fort}
   (You found it on level 3 of the Dungeon)

   It has a curse which improves the following skills: Cunning: Dodging and
   Stealth.
   Fortitude: Armour and Shields.
 y - the cursed +0 pair of gloves "Ensconced Together" (worn) {Self, Cun}
   (You found it on level 3 of the Dungeon)

   It has a curse which improves the following skills: Introspection: Fighting
   and Spellcasting.
   Cunning:   Dodging and Stealth.
 L - a +0 pair of gloves
Magical Staves
 M - a cursed staff of conjuration (weapon) {Self, Fort}
Jewellery
 v - a ring of positive energy (left hand)
 J - a +6 ring of intelligence
 N - a +6 ring of dexterity
Wands
 H - a wand of polymorph (7)
 K - a wand of flame (22)
Scrolls
 c - 4 scrolls of immolation
 g - a scroll of silence
 i - 4 scrolls of magic mapping
 j - 3 scrolls of fear
 m - 2 scrolls of vulnerability
 n - 9 scrolls of teleportation
 p - 3 scrolls of amnesia
 q - 3 scrolls of butterflies
 u - 2 scrolls of poison
 z - 2 scrolls of blinking
 A - 2 scrolls of torment
 C - a scroll of enchant weapon
 D - 15 scrolls of identify
Potions
 b - 2 potions of might
 d - 7 potions of mutation
 e - 2 potions of ambrosia
 f - 2 potions of berserk rage
 h - 2 potions of curing
 l - 3 potions of heal wounds
 o - 4 potions of brilliance
 r - 2 potions of magic
 s - a potion of resistance
 w - 3 potions of attraction
 B - 2 potions of degeneration
 E - a potion of flight
 F - 3 potions of lignification
 G - a potion of cancellation
 I - a potion of invisibility


   Skills:
 * Level 10.8(12.7) Fighting
 + Level 4.2(6.0) Armour
 + Level 5.2(7.1) Dodging
 + Level 4.2(6.0) Stealth
 + Level 4.1(5.9) Shields
 * Level 8.8(10.7) Spellcasting
 + Level 4.1 Evocations


You had 4 spell levels left.
You knew the following spells:

 Your Spells              Type           Power      Damage    Failure   Level
a - Foxfire               Conj/Fire      100%       2x1d9     1%          1
b - Scorch                Fire           100%       2d10      1%          2
c - Conjure Flame         Conj/Fire      73%        6-21      1%          3
d - Inner Flame           Hex/Fire       56%        N/A       1%          3
e - Flame Wave            Conj/Fire      73%        2d16      1%          4
f - Slow                  Hex            100%       N/A       1%          1
g - Wereblood             Tmut           56%        N/A       1%          2
h - Mephitic Cloud        Conj/Pois/Air  73%        N/A       1%          3
i - Anguish               Hex/Necr       28%        N/A       1%          4
j - Metabolic Englaciati  Hex/Ice        28%        N/A       1%          5
Your spell library was empty.

Dungeon Overview and Level Annotations

Branches:
Dungeon (10/15)            Temple (1/1) D:4            Lair (0/5) D:10
    Orc (0/2) D:9

Altars:
Ashenzari
Cheibriados
Dithmenos
Elyvilon
Fedhas
Gozag
Hepliaklqana
Makhleb
Nemelex Xobeh
Okawaru
Qazlal
Ru
Trog
Uskayaw
Wu Jian
Xom
Yredelemnul
Zin
The Shining One

Shops:
D:5 ?([[   D:6 *


Innate Abilities, Weirdness & Mutations

You are immune to sickness and miasma.
You are immune to poison.
Your flesh is very heat resistant. (rF++)
You are vulnerable to cold. (rC-)
You float through the air rather than walking.
You learn spells naturally, not from books.
Your magical power is your life essence.
You have superior vitality. (+4 MHP)


Message History

Casting: Scorch (safe; 1% risk of failure)
Press: ? - help, Q - select action, (/) - cycle Dir - look around, f - activate Flames lash the slime creature.
The slime creature is burned terribly!
The slime creature is severely wounded.
An orc wizard comes into view. It is wielding a +0 dagger.
The slime creature hits you but does no damage.
Casting: Scorch (safe; 1% risk of failure)
Confirm with . or Enter, or press ? or * to list all spells.
Casting: Flame Wave (mildly dangerous; 1% risk of failure)
Press: ? - help, Dir - look around, f - activate You feel a surge of power!
A wave of flame ripples out!
The flame wave engulfs the slime creature!!
The slime creature is burned terribly!
You kill the slime creature! (Press . to intensify the flame waves.)
The orc wizard shouts!
The centaur warrior wields a +0 shortbow.
The centaur warrior shoots an arrow.
The arrow hits you!!
The centaur warrior shoots an arrow.
The arrow hits you!!
You have reached level 12!
You feel clever.
There is an open door here.
The centaur warrior shoots an arrow.
The arrow hits you.
You reach down and close the door.
A centaur warrior breaks down the door.
The centaur warrior shoots an arrow.
The arrow barely misses you.
The centaur warrior shoots an arrow.
The arrow misses you.
The centaur warrior shoots an arrow.
The arrow barely misses you.
The centaur warrior shoots an arrow.
The arrow barely misses you.
The centaur warrior shoots an arrow.
The arrow completely misses you.
You hear a shout!
The centaur warrior shoots an arrow.
The arrow hits you!
* * * LOW HITPOINT WARNING * * *
The centaur warrior shoots an arrow.
The arrow hits you!
* * * LOW HITPOINT WARNING * * *
The centaur warrior shoots an arrow.
The arrow completely misses you.
There is a stone staircase leading up here.
The centaur warrior shoots an arrow.
The arrow hits you.
* * * LOW HITPOINT WARNING * * *
The centaur warrior shoots an arrow.
The arrow hits you!!
You die...

###.# * ### #.# * ,
..., , , * ..# *** *
*.## ..# ,, * ## ,...
.... , , .. .. .## *
.##.# * , *
#.######..... * , ,
#....@.#...# ,
######.#..# *,, * , *
########...# , 8 ,
#.........### * , *
#.#####..##.# * * , **
#. ##....#.# * # * , ,
* #.###..#.##.## ... ,
* #.....##c#...##$...
*
..####..##....8.....8.


You could see a centaur warrior.

Vanquished Creatures
  Erolcha (D:9)
  2 two-headed ogres (D:9)
  A tengu warrior (D:8)
  A cyclops (D:8)
  Psyche (D:9)
  A troll (D:10)
  A hornet (D:10)
  A slime creature (D:10)
  10 yaks (D:10)
  3 wyverns
  A steam dragon (D:8)
  An acid dragon (D:9)
  3 water moccasins
  The ghost of sigtrap the Shooter, an amateur SpHu (D:4)
  5 orc warriors
  2 ice beasts
  3 black bears
  3 ogres
  A phantom (D:7)
  5 centaurs
  6 kobold brigands
  3 bullfrogs
  3 scorpions
  13 wights
  2 howler monkeys (D:10)
  2 jellies
  3 hounds
  3 orc priests
  Crazy Yiuf (D:2)
  2 gnoll boudas
  2 iguanas
  11 orc wizards
  Terence (D:2)
  7 gnolls
  5 adders
  2 river rats (D:3)
  A shadow imp (D:7)
  2 white imps
  An ufetubus (D:6)
  5 worms
  3 dart slugs
  34 orcs
  6 ball pythons
  6 bats
  2 endoplasms
  4 giant cockroaches
  3 goblins
  2 hobgoblins
  8 jackals (D:1)
  33 kobolds
  3 quokkas
  2 frilled lizards (D:3)
  5 rats
233 creatures vanquished.

Vanquished Creatures (collateral kills)
  A komodo dragon (D:10)
  A hornet (D:10)
  An orc warrior (D:10)
  A black bear (D:10)
  A scorpion (D:10)
  A gnoll (D:10)
6 creatures vanquished.

Vanquished Creatures (others)
  2 minotaurs (D:1)
  A draconian (D:1)
  An octopode (D:1)
  A vine stalker (D:1)
  A human (D:1)
  A naga (D:1)
  A demigod (D:1)
  A tengu (D:1)
  A mummy (D:1)
  A gnoll (D:1)
  An orc (D:1)
  86 foxfires
  62 fungi (D:10)
  41 plants (D:10)
  10 tentacles (D:1)
211 creatures vanquished.

Grand Total: 450 creatures vanquished

Notes
Turn   | Place    | Note
-------+----------+-------------------------------------------
     0 | D:1      | wormed the Djinni Fire Elementalist began the quest for the
                  | Orb.
     0 | D:1      | wormed set off with the following spells memorised:
                  | Foxfire, Scorch, Conjure Flame, Inner Flame, Flame Wave.
     0 | D:1      | Reached XP level 1. HP: 15/15 MP: 0/0
     0 | D:1      | Noticed a naga
     0 | D:1      | Noticed a minotaur
     0 | D:1      | Noticed a tengu
     0 | D:1      | Noticed a draconian
     0 | D:1      | Noticed a vine stalker
     0 | D:1      | Noticed a kraken
     0 | D:1      | Noticed a human
     0 | D:1      | Noticed a demigod
     0 | D:1      | Noticed a minotaur
     0 | D:1      | Noticed an octopode
     4 | D:1      | Killed a minotaur
     6 | D:1      | Killed a demigod
    11 | D:1      | Killed a human
    12 | D:1      | Killed a naga
    13 | D:1      | Killed a tengu
    22 | D:1      | Killed an octopode
    22 | D:1      | Killed a draconian
    22 | D:1      | Killed a vine stalker
    25 | D:1      | Killed a minotaur
   143 | D:1      | Found a faded altar of an unknown god.
   163 | D:1      | Reached skill level 1 in Fighting
   163 | D:1      | Reached XP level 2. HP: 15/22 MP: 0/0
   642 | D:1      | Reached XP level 3. HP: 16/27 MP: 0/0
   642 | D:1      | Learned a level 1 spell: Slow
  1188 | D:2      | Reached skill level 2 in Fighting
  1473 | D:2      | Noticed Terence
  1479 | D:2      | Killed Terence
  1480 | D:2      | Reached XP level 4. HP: 25/34 MP: 0/0
  1988 | D:2      | Found a runed translucent door.
  1989 | D:2      | Noticed Crazy Yiuf
  2095 | D:2      | Killed Crazy Yiuf
  2096 | D:2      | Reached XP level 5. HP: 15/40 MP: 0/0
  2096 | D:2      | Learned a level 2 spell: Wereblood
  2394 | D:3      | Reached skill level 3 in Fighting
  2504 | D:3      | Found a shadowy altar of Dithmenos.
  2675 | D:3      | Found a glowing drain.
  3426 | D:4      | Noticed an ice beast
  3431 | D:4      | Killed an ice beast
  3432 | D:4      | Reached skill level 4 in Fighting
  3432 | D:4      | Reached XP level 6. HP: 34/47 MP: 0/0
  3553 | D:4      | Found a transporter.
  3560 | D:4      | Found a transporter.
  3560 | D:4      | Noticed sigtrap's ghost (amateur SpHu)
  3562 | D:4      | Noticed an ogre
  3775 | D:4      | Reached XP level 7. HP: 28/53 MP: 0/0
  3775 | D:4      | Learned a level 3 spell: Mephitic Cloud
  4296 | D:4      | Found a staircase to the Ecumenical Temple.
  4306 | Temple   | Entered the Ecumenical Temple
  4317 | Temple   | Became a worshipper of Ashenzari the Shackled
  4376 | D:4      | Reached skill level 5 in Fighting
  4572 | D:4      | Killed sigtrap's ghost
  4838 | D:4      | Reached skill level 5 in Spellcasting
  4939 | D:5      | Entered Level 5 of the Dungeon
  4947 | D:4      | Reached XP level 8. HP: 56/61 MP: 0/0
  5161 | D:5      | Reached skill level 6 in Fighting
  5222 | D:5      | Found Hathix's Armour Emporium.
  5226 | D:5      | Found Dugoep's Antique Weapon Boutique.
  5337 | D:5      | Found Uwnogaepn's Magic Scroll Emporium.
  5344 | D:5      | Bought a scroll of fear for 56 gold pieces
  5344 | D:5      | Bought a scroll of butterflies for 56 gold pieces
  5344 | D:5      | Bought a scroll of identify for 28 gold pieces
  5496 | D:5      | Found Raigeum's Armour Shoppe.
  5850 | D:6      | Found Nausutom's Hallowed Reliquary.
  5850 | D:6      | Noticed an angel
  6081 | D:6      | Reached skill level 7 in Fighting
  6335 | D:6      | Bought a potion of heal wounds for 60 gold pieces
  6356 | D:6      | Reached XP level 9. HP: 65/69 MP: 0/0
  6356 | D:6      | Learned a level 4 spell: Anguish
  6495 | D:6      | You are sucked into a shaft and drop 1 floor!
  6832 | D:6      | Reached skill level 8 in Fighting
  7740 | D:7      | Reached * piety under Ashenzari
  8046 | D:7      | Reached skill level 9 in Fighting
  8480 | D:8      | Reached XP level 10. HP: 65/80 MP: 0/0
  8760 | D:8      | Reached skill level 1 in Armour
  8760 | D:8      | Reached skill level 1 in Shields
  8760 | D:8      | Reached skill level 1 in Evocations
  9268 | D:8      | Noticed a cyclops
  9269 | D:8      | Noticed a tengu warrior
  9294 | D:8      | Killed a tengu warrior
  9307 | D:8      | Killed a cyclops
  9865 | D:9      | Noticed a two-headed ogre
  9875 | D:9      | Killed a two-headed ogre
 10072 | D:9      | Noticed Erolcha
 10090 | D:9      | Killed Erolcha
 10091 | D:9      | Reached XP level 11. HP: 43/86 MP: 0/0
 10091 | D:9      | Learned a level 5 spell: Metabolic Englaciation
 10141 | D:9      | Reached skill level 10 in Fighting
 10426 | D:9      | Noticed a two-headed ogre
 10462 | D:9      | Found a staircase to the Orcish Mines.
 10469 | D:9      | Killed a two-headed ogre
 10641 | D:9      | Noticed Psyche
 10649 | D:9      | Killed Psyche
 10831 | D:9      | Found a glowing silver altar of Zin.
 10833 | D:9      | Found a bloodstained altar of Trog.
 10982 | D:10     | Entered Level 10 of the Dungeon
 11622 | D:10     | Found a staircase to the Lair.
 11690 | D:10     | Identified the +2 halberd of the Gloaming {freeze, rPois
                  | Int-4 Dex+2}
 11710 | D:10     | Reached ** piety under Ashenzari
 12101 | D:10     | Identified the +4 quarterstaff of a bailey {freeze, rC+}
 12101 | D:10     | Identified the +2 spear of Greed {vorpal, *Corrode rN+
                  | MP+9}
 12161 | D:10     | Reached skill level 5 in Dodging
 12402 | D:10     | Noticed a centaur warrior
 12462 | D:10     | Reached XP level 12. HP: 37/96 MP: 0/0
 12473 | D:10     | Shot with an arrow by a centaur warrior

Illustrated notes

Levels and vault maps discovered:
D:1:      nicolae_arrival_kraken_aquarium_a, layout_rooms,
          ebering_ecumenical_altar_rust, nicolae_concentric_dashed_squares_mild
D:2:      layout_basic, uniq_crazy_yiuf_cottage, uniq_terence
D:3:      layout_basic, nicolae_dithmenos_shadow_blocks, portal_sewer_entry_b,
          kennysheep_generic_room_3
D:4:      layout_rooms, minmay_temple_entry_trees, gammafunk_ghost_arena
D:5:      layout_cave_pools, serial_shops, nicolae_shop_stone,
          nicolae_shop_statue_plus, nicolae_shop_stone, shop,
          minmay_misc_feat_secret_circle
D:6:      layout_basic, nicolae_good_shop
D:7:      layout_rooms, hangedman_abyss_or_decor_slice
D:8:      kennysheep_big_flooded_room, layout_cave_pools, st_stairs_11
D:9:      layout_basic, grunt_temple_overflow_diamond, orc_0_dummy,
          uniq_erolcha, uniq_psyche
D:10:     layout_loops_corners, due_lair_maze_entry_diamond, enter_bailey_2,
          serial_park_tiny_1, minmay_fractal_squares_gapless_7
Temple:   nicolae_temple_no_exploring_needed

Skill      XL: |  1  2  3  4  5  6  7  8  9 10 11 |
---------------+----------------------------------+-----
Fighting       | 1 2 4 5 7 9 10 | 10.8
Spellcasting   | 3 4 5 6 7 8 |  8.8
Armour         | 2 4 |  4.2
Stealth        | 3 4 |  4.2
Shields        | 2 4 |  4.1
Evocations     | 2 4 |  4.1
Dodging        | 4 5 |  5.2

Action                   |  1- 3 |  4- 6 |  7- 9 | 10-12 || total
-------------------------+-------+-------+-------+-------++-------
 Cast: Foxfire           |    10 |       |       |    47 ||    57
       Scorch            |    33 |    61 |   177 |    99 ||   370
       Mephitic Cloud    |       |       |     4 |     1 ||     5
       Slow              |       |       |     3 |    10 ||    13
       Flame Wave        |       |       |       |    18 ||    18
       Metabolic Englaci |       |       |       |     1 ||     1
Invok: Curse Item        |       |       |     2 |     1 ||     3
  Use: Scroll            |       |       |       |     1 ||     1
Armor: Robe              |     2 |     3 |    15 |    16 ||    36
Dodge: Dodged            |    10 |    12 |    39 |    59 ||   120
